AoeStats
← Nopec

Black Forest

506614138Analyzed
4v4 RM · 19d ago on Sep 14, 2026· 51m 35s· 8 players
Game mode
Random Map
Map size
Large (8 player)
Population
200
Speed
Normal
Resources
Standard
Victory
Conquest
Starting age
Dark Age
Ending age
Imperial Age
RankedLock teamsTeams togetherTeam positionsShared explorationLock speedFull tech treeHidden civsTurbo modeCheats
Victory
Defeat
🇧🇷 Khmer · Brazil
917
+14
🇨🇳 Vietnamese · China
885
+15
🇨🇳 Hindustanis · China
885
+15
🇵🇰 Persians · Pakistan
814
+18
🇪🇸 Spanish · Spain
950
-18
🇪🇸 Gurjaras · Spain
926
-18
🇪🇸 Vietnamese · Spain
833
-14
🇩🇪 Poles · Germany
780
-12
Q董香酱E
0:47 Loom
13:17 Feudal Age
14:46 Double-Bit Axe
14:43 Horse Collar
19:53 Castle Age
18:35 Stone Mining
19:28 Gold Mining
22:01 Bow Saw
27:38 Wheelbarrow
31:59 Imperial Age
30:23 Heavy Plow
30:10 Elite Skirmisher
30:54 Squires
30:40 Arson
30:22 Pikeman
31:16 Fletching
31:29 Padded Archer Armor
31:39 Forging
33:07 Hand Cart
33:52 Bodkin Arrow
35:02 Ballistics
36:37 Two-Man Saw
36:17 Crop Rotation
35:51 Bracer
36:06 Leather Archer Armor
36:08 Imperial Skirmisher
36:54 Thumb Ring
37:00 Elite Fire Lancer
37:43 Scale Mail Armor
39:07 Ring Archer Armor
39:42 Chemistry
39:03 Halberdier
40:14 Town Watch
41:06 Stone Shaft Mining
42:53 Husbandry
43:03 Bloodlines
49:26 Light Cavalry
50:23 Forging
50:28 Chain Mail Armor
Bunny
0:42 Loom
12:28 Feudal Age
13:05 Double-Bit Axe
13:07 Horse Collar
14:35 Wheelbarrow
18:56 Gold Mining
23:09 Castle Age
21:05 Stone Mining
24:27 Bow Saw
24:21 Heavy Plow
25:08 Caravan
36:09 Ballistics
35:48 Murder Holes
36:07 Forging
35:57 Scale Mail Armor
36:03 Scale Barding Armor
35:49 Fletching
35:59 Padded Archer Armor
36:19 Hand Cart
35:52 Town Watch
36:54 Pikeman
37:35 Squires
41:03 Imperial Age
42:25 Chemistry
41:39 Masonry
41:57 Fervor
43:29 Conscription
44:24 Onager
45:14 Halberdier
45:39 Elite War Elephant
49:06 Architecture
49:09 Gambesons
48:48 Man-at-Arms
49:40 Guilds
49:35 Town Patrol
50:34 Stone Shaft Mining
50:38 Gold Shaft Mining
50:36 Crop Rotation
50:15 Bodkin Arrow
50:35 Leather Archer Armor
50:56 Iron Casting
50:37 Chain Mail Armor
50:43 Chain Barding Armor
50:39 Light Cavalry
51:21 Husbandry
51:34 Bloodlines
50:47 Heavy Camel Rider
50:50 Cavalier
51:40 Kamandaran
52:19 Hoardings
51:55 Citadels
51:16 Sappers
KaoruRed
0:49 Loom
12:43 Feudal Age
18:07 Castle Age
16:09 Horse Collar
16:55 Double-Bit Axe
19:24 Heavy Plow
19:35 Bow Saw
21:25 Wheelbarrow
21:05 Stone Mining
23:18 Gold Mining
24:58 Hand Cart
25:14 Town Watch
30:58 Imperial Age
28:47 Forging
29:38 Grand Trunk Road
30:31 Gold Shaft Mining
30:32 Stone Shaft Mining
31:10 Scale Mail Armor
31:10 Padded Archer Armor
31:47 Iron Casting
31:02 Fletching
32:39 Chemistry
32:04 Conscription
33:10 Two-Man Saw
34:20 Masonry
35:41 Blast Furnace
35:58 Squires
35:43 Arson
36:02 Shatagni
35:35 Elite Skirmisher
36:35 Bodkin Arrow
36:55 Leather Archer Armor
37:21 Leather Archer Armor
38:01 Husbandry
39:03 Bloodlines
38:14 Light Cavalry
40:17 Caravan
40:18 Imperial Skirmisher
42:49 Heavy Camel Rider
44:22 Hussar
48:07 Bracer
48:37 Ring Archer Armor
48:47 Ring Archer Armor
50:22 Imperial Camel Rider
TT
0:28 Loom
13:18 Feudal Age
17:11 Castle Age
15:27 Town Watch
15:35 Double-Bit Axe
16:51 Horse Collar
26:03 Wheelbarrow
28:18 Hand Cart
31:48 Imperial Age
29:36 Gold Mining
29:37 Stone Mining
29:54 Heavy Plow
31:15 Bow Saw
32:21 Ballistics
33:19 Stone Shaft Mining
33:20 Gold Shaft Mining
33:49 Chemistry
33:25 Double Crossbow
33:45 Heavy Scorpion
35:55 Capped Ram
36:45 Caravan
37:52 Conscription
38:21 Crop Rotation
37:15 Siege Ram
38:22 Conscription
39:19 Siege Engineers
46:49 Onager
Nopec
Joaksss
5:27 Loom
12:03 Feudal Age
17:11 Castle Age
19:14 Double-Bit Axe
20:49 Town Watch
22:08 Wheelbarrow
22:20 Horse Collar
24:29 Heavy Plow
25:45 Bow Saw
25:45 Gold Mining
26:51 Hand Cart
27:53 Town Patrol
30:30 Forging
30:22 Stone Mining
33:59 Imperial Age
31:33 Padded Archer Armor
31:48 Bloodlines
31:39 Husbandry
32:15 Padded Archer Armor
33:13 Scale Barding Armor
34:25 Iron Casting
34:14 Cavalier
35:26 Chain Barding Armor
36:11 Two-Man Saw
35:44 Conscription
36:53 Blast Furnace
35:59 Caravan
37:09 Plate Barding Armor
36:33 Paladin
40:15 Chemistry
40:40 Ballistics
45:27 Leather Archer Armor
45:03 Fletching
46:16 Thumb Ring
46:43 Ring Archer Armor
45:39 Elite Skirmisher
46:21 Imperial Skirmisher
47:48 Bodkin Arrow
Kaparso
1:30 Loom
15:07 Feudal Age
15:57 Double-Bit Axe
21:16 Castle Age
24:19 Bow Saw
25:14 Wheelbarrow
24:24 Town Watch
32:23 Thumb Ring
32:12 Fletching
32:22 Padded Archer Armor
32:28 Scale Barding Armor
32:55 Hand Cart
35:25 Imperial Age
33:17 Ballistics
33:08 Masonry
32:53 Murder Holes
32:48 Treadmill Crane
34:17 Kshatriyas
34:04 Horse Collar
35:53 Bloodlines
35:44 Husbandry
36:33 Conscription
35:51 Elite Elephant Archer
38:34 Chemistry
37:33 Bodkin Arrow
37:53 Leather Archer Armor
38:14 Heavy Plow
41:40 Bracer
42:02 Chain Barding Armor
42:10 Frontier Guards
44:01 Plate Barding Armor
43:48 Caravan
kikekalimar
0:35 Loom
14:15 Feudal Age
15:32 Wheelbarrow
14:44 Double-Bit Axe
14:43 Horse Collar
17:57 Gold Mining
17:57 Stone Mining
21:11 Man-at-Arms
26:10 Castle Age
25:39 Bloodlines
27:05 Bow Saw
27:02 Caravan
26:34 Pikeman
27:20 Heavy Plow
27:15 Elite Skirmisher
28:01 Long Swordsman
29:46 Stone Shaft Mining
30:07 Husbandry
30:23 Treadmill Crane
31:13 Guard Tower
32:13 Fortified Wall
32:24 Ballistics
34:36 Forging
34:16 Fletching
36:01 Iron Casting
35:27 Scale Mail Armor
38:52 Imperial Age
36:25 Bodkin Arrow
37:49 Padded Archer Armor
39:40 Leather Archer Armor
40:02 Paper Money
39:52 Halberdier
40:11 Onager
41:15 Bracer
41:11 Imperial Skirmisher
42:29 Chain Mail Armor
43:35 Chemistry
43:11 Keep
42:43 Light Cavalry
44:24 Ring Archer Armor
44:25 Plate Mail Armor
44:58 Cavalier
51:05 Arrowslits
51:12 Heated Shot
Connection lost

Rejoining the realm…

Still unreachable

The connection could not be restored.

Session expired

The server has moved on; the page needs a fresh start.